 Dungeon Crawl Stone Soup version 0.31-a0-924-ge39a22a033 (webtiles) character file.

Game seed: 267447660485664288

37 Gargoyl the Trooper (level 3, -1/24 HPs)
             Began as a Gargoyle Berserker on Oct 18, 2023.
             Was a Follower of Trog.
             Slain by Sigmund
             ... wielding a +0 scythe
              (4 damage)
             ... on level 2 of the Dungeon.
             The game lasted 00:01:12 (720 turns).

Gargoyl the Trooper (Gargoyle Berserker)             Turns: 720, Time: 00:01:13

Health: -1/24      AC:  5    Str: 20    XL:     3   Next: 41%
Magic:  3/3        EV: 12    Int:  7    God:    Trog [*.....]
Gold:   49         SH:  0    Dex: 11    Spells: 2/2 levels left

rFire   . . .        a - +1 hand axe
rCold   . . .        (no shield)
rNeg    + . .        b - +0 animal skin
rPois   ∞            (no helmet)
rElec   +            (no cloak)
rCorr   .            (no gloves)
SInv    .            (no boots)
Will    .....        (no amulet)
Stlth   +            (no ring)
HPRegen 0.24/turn    (no ring)
MPRegen 0.08/turn

%: no passive effects
@: on berserk cooldown, slowed, very slow
A: sickness immunity, AC +3, negative energy resistance 1, electricity
resistance, torment resistance 1, petrification resistance
a: Renounce Religion, Berserk


You were on level 2 of the Dungeon.
You worshipped Trog.
Trog was aware of your devotion.
You visited 1 branch of the dungeon, and saw 2 of its levels.

You collected 49 gold pieces.

Inventory:

Hand Weapons
 a - a +1 hand axe (weapon)
Armour
 b - a +0 animal skin (worn)
Scrolls
 c - a scroll of teleportation
Potions
 d - a potion of heal wounds {unknown}
 e - a potion of resistance {unknown}


   Skills:
 + Level 3.7 Fighting
 + Level 3.4 Axes
 + Level 2.3 Armour
 + Level 1.8 Dodging


You had 2 spell levels left.
You didn't know any spells.
Your spell library was empty.

Dungeon Overview and Level Annotations

Branches:
Dungeon (2/15)

Altars:

Annotations:
D:2 Sigmund


Innate Abilities, Weirdness & Mutations

You are immune to sickness and miasma.
Your stone body is resilient. (AC +3)
You are immune to poison.
You resist negative energy. (rN+)
You are resistant to electric shocks. (rElec)
You are resistant to unholy torment.
You are immune to petrification.


Message History

You kill the adder!
Trog accepts your kill.
Sigmund giggles. "Time to reap what you sow."
Sigmund casts a spell at you. You resist with significant effort.
Sigmund barely misses you.
Found a viscous cyan potion.
You see here an adder corpse.
You barely miss Sigmund. Sigmund gestures at you while chanting.
The puff of flame hits you.
You slash Sigmund!
Sigmund is moderately wounded.
Sigmund flickers, as though insubstantial.
Sigmund misses you.
A red film seems to cover your vision as you go berserk!
You feel yourself moving faster!
You feel mighty! Sigmund gestures at you while chanting.
You are confused.
You feel a strong urge to attack something.
Sigmund barely misses you.
You feel your anger nearly subside.
You are no longer berserk.
You are exhausted.
You feel yourself slow down. Sigmund misses you. Sigmund barely misses you.
You closely miss Sigmund.
Sigmund is moderately wounded.
Sigmund laughs darkly.
Sigmund hits you with a +0 scythe!
* * * LOW HITPOINT WARNING * * *
Unknown command.
You feel less confused. Sigmund hits you but does no damage.
Unknown command.
Sigmund mumbles some strange words.
Sigmund flickers and vanishes!
Deactivating autopickup; reactivate with Ctrl-A.
You hit something. Something hits you but does no damage.
You hit something. Something hits you.
You die...

#.#######.#####
#...#.........#
...............!.#
.##.##.............# #
..................#
..####..# .............#
#.......######.........#
#.........##.........#
#......##.##.@{.$....#
#....<.##..###†....###
#.............>......#
#......##............#
##############......##
#....$.# ###.#### .# .#


There were no monsters in sight!

Vanquished Creatures
  An adder (D:2)
  A dart slug (D:1)
  3 endoplasms (D:1)
  2 giant cockroaches (D:1)
  3 goblins (D:1)
  2 hobgoblins (D:1)
  A quokka (D:1)
  3 ball pythons (D:1)
  4 bats (D:1)
  2 frilled lizards (D:1)
  3 kobolds (D:1)
  2 rats (D:1)
27 creatures vanquished.

Notes
Turn   | Place    | Note
-------+----------+-------------------------------------------
     0 | D:1      | Gargoyl the Gargoyle Berserker began the quest for the Orb.
     0 | D:1      | Reached XP level 1. HP: 14/14 MP: 1/1
   120 | D:1      | Reached XP level 2. HP: 17/19 MP: 2/2
   342 | D:1      | Reached XP level 3. HP: 23/24 MP: 3/3
   699 | D:2      | Noticed Sigmund
   716 | D:2      | HP: 1/24 [Sigmund/+0 scythe (9)]
   720 | D:2      | Slain by Sigmund

Illustrated notes

Levels and vault maps discovered:
D:1:      tekkud_arrival_beachfront_property, layout_loops_ring
D:2:      minmay_door_path, layout_rooms, serial_shops, nicolae_shop_waterfront,
          grunt_decor_clamped, kennysheep_flooded_box, uniq_crazy_yiuf_cottage,
          uniq_sigmund

Skill      XL: |  1  2 |
---------------+-------+-----
Axes           | 3 |  3.4
Fighting       | |  3.7
Armour         | |  2.3
Dodging        | |  1.8

Action                     || total
---------------------------++-------
  Melee: Hand axe          ||    76
 Invoke: Berserk           ||     1
    Use: Scroll            ||     5
 Armour: Animal skin       ||    58
  Dodge: Dodged            ||    53

Table legend: (Time is in decaauts)
 A = Elapsed time spent in this place.
 B = Non-inter-level travel time spent in this place.
 C = Inter-level travel time spent in this place.
 D = Time resting spent in this place.
 E = Time spent auto-exploring this place.
 F = Levels seen in this place.
 G = Mean time per level.
                   A        B        C        D        E       F      G
               +--------+--------+--------+--------+--------+-----+--------+
         Total |    733 |    719 |     14 |      0 |    463 |   2 |  366.5 |
       Dungeon |    733 |    719 |     14 |      0 |    463 |   2 |  366.5 |
               +--------+--------+--------+--------+--------+-----+--------+

Top non-repeatable levels by time:
     D:1: 698 daAuts
     D:2: 35 daAuts
